 Dungeon Crawl Stone Soup version 0.29-a0-330-g52719c12eb (webtiles) character file.

Game seed: 1711384962695634022

23 jmlagarto the Chiller (level 2, -2/15 HPs)
             Began as a Deep Elf Ice Elementalist on Apr 16, 2022.
             Was a Believer of Uskayaw.
             Killed from afar by Natasha (6 damage)
             ... with a magic dart
             ... on level 2 of the Dungeon.
             The game lasted 00:01:35 (1321 turns).

jmlagarto the Chiller (Deep Elf Ice Elementalist)   Turns: 1321, Time: 00:01:37

Health: -2/15      AC:  2    Str:  5    XL:     2   Next: 72%
Magic:  4/8        EV: 13    Int: 19    God:    Uskayaw [**....]
Gold:   27         SH:  0    Dex: 15    Spells: 7/8 levels left

rFire   . . .      SeeInvis .   (no weapon)
rCold   . . .      Faith    .   (no shield)
rNeg    . . .      Spirit   .   a - +0 robe
rPois   .          Reflect  .   (no helmet)
rElec   .          Harm     .   (no cloak)
rCorr   .          Rampage  .   (no gloves)
Will    .....                   (no boots)
Stlth   ++........              (no amulet)
HPRegen 0.05/turn               (no ring)
MPRegen 0.11/turn               (no ring)

@: no status effects
A: no striking features
a: Renounce Religion, Stomp, Line Pass


You were on level 2 of the Dungeon.
You worshipped Uskayaw.
Uskayaw was noncommittal.
You visited 1 branch of the dungeon, and saw 2 of its levels.

You collected 27 gold pieces.

Inventory:

Armour
 a - a +0 robe (worn)
Scrolls
 c - a scroll of immolation {unknown}
 d - 2 scrolls of vulnerability {unknown}
 e - a scroll of fog {unknown}
 f - a scroll of identify {unknown}
Potions
 b - a potion of magic
 g - a potion of flight {unknown}


   Skills:
 + Level 3.0 Dodging
 - Level 2.5 Stealth
 + Level 3.6 Spellcasting
 + Level 4.7 Ice Magic


You had 7 spell levels left.
You knew the following spells:

 Your Spells              Type           Power      Damage    Failure   Level
a - Freeze                Ice            84%        1d10      1%          1

Your spell library contained the following spells:

 Spells                   Type           Power      Damage    Failure   Level
 Frozen Ramparts          Ice            42%        1d6       6%          3
 Ozocubu's Armour         Ice            21%        N/A       6%          3
 Hailstorm                Conj/Ice       12%        3d5       47%         4


Dungeon Overview and Level Annotations

Branches:
Dungeon (2/15)

Altars:
Uskayaw

Annotations:
D:2 Natasha


Message History

Natasha, Servant of Life and Death comes into view.
You hit the giant cockroach but do no damage.
The giant cockroach closely misses you.
You freeze the giant cockroach!
You kill the giant cockroach!
You freeze Natasha.
Natasha is lightly wounded.
Natasha claws you.
You hit Natasha. You punch Natasha, but do no damage.
Natasha is lightly wounded.
Natasha claws you.
You are too injured to fight recklessly!
Casting: Freeze (safe; 1% risk of failure)
Confirm with . or Enter, or press ? or * to list all spells.
Aiming: Freeze (safe; 1% risk of failure)
Press: ? - help, Shift-Dir - straight line, f/p - Natasha
Aim: Natasha (lightly wounded)
You freeze Natasha.
Natasha is moderately wounded.
Natasha barely misses you.
Casting: Freeze (safe; 1% risk of failure)
Confirm with . or Enter, or press ? or * to list all spells.
Aiming: Freeze (safe; 1% risk of failure)
Press: ? - help, Shift-Dir - straight line, f/p - Natasha
Aim: Natasha (moderately wounded)
You freeze Natasha.
Natasha is severely wounded.
Natasha claws you.
* * * LOW HITPOINT WARNING * * *
You can now pass through a line of other dancers.
Casting: Freeze (safe; 1% risk of failure)
Confirm with . or Enter, or press ? or * to list all spells.
Aiming: Freeze (safe; 1% risk of failure)
Press: ? - help, Shift-Dir - straight line, f/p - Natasha
Aim: Natasha (severely wounded)
You freeze Natasha.
Natasha is severely wounded.
Natasha stares at you and mumbles some strange words.
The magic dart hits you.
You die...

#....<..#
#.......#
#.......#
###....†##
#......#
#......#
#####......#
#..........#
.###..@#.>.....
#...h########
#....#### ####.
#


You could see Natasha.

Vanquished Creatures
  An endoplasm (D:1)
  2 giant cockroaches
  2 goblins (D:1)
  2 hobgoblins (D:1)
  4 quokkas (D:1)
  A ball python (D:1)
  4 bats (D:1)
  2 frilled lizards (D:1)
  4 rats (D:1)
22 creatures vanquished.

Notes
Turn   | Place    | Note
-------+----------+-------------------------------------------
     0 | D:1      | jmlagarto the Deep Elf Ice Elementalist began the quest for
                  | the Orb.
     0 | D:1      | Reached XP level 1. HP: 10/10 MP: 6/6
   250 | D:1      | Reached XP level 2. HP: 15/15 MP: 4/8
   372 | D:1      | Found a faded altar of an unknown god.
   383 | D:1      | Prayed at the altar of an unknown god.
   383 | D:1      | Became a worshipper of Uskayaw the Reveller
   383 | D:1      | Reached * piety under Uskayaw
  1308 | D:2      | Noticed Natasha
  1320 | D:2      | Reached ** piety under Uskayaw
  1321 | D:2      | Killed from afar by Natasha

Illustrated notes

Levels and vault maps discovered:
D:1:      scummos_arrival_checkerplants, layout_basic,
          hellmonk_ecumenical_altar_inner_sanctum
D:2:      mumra_celtic_spiral_tile, layout_basic, mrwooster_statue_mirror,
          uniq_natasha

Skill      XL: |  1  2 |
---------------+-------+-----
Dodging        | 3 |  3.0
Stealth        | |  2.5
Spellcasting   | |  3.6
Ice Magic      | |  4.7

Action                   || total
-------------------------++-------
Melee: Unarmed           ||     4
       Punch             ||     1
 Cast: Freeze            ||    29
Armor: Robe              ||     3
Dodge: Dodged            ||     6

Table legend: (Time is in decaauts)
 A = Elapsed time spent in this place.
 B = Non-inter-level travel time spent in this place.
 C = Inter-level travel time spent in this place.
 D = Time resting spent in this place.
 E = Time spent auto-exploring this place.
 F = Levels seen in this place.
 G = Mean time per level.
                   A        B        C        D        E       F      G
               +--------+--------+--------+--------+--------+-----+--------+
         Total |   1320 |   1313 |      7 |      0 |   1166 |   2 |  660.0 |
       Dungeon |   1320 |   1313 |      7 |      0 |   1166 |   2 |  660.0 |
               +--------+--------+--------+--------+--------+-----+--------+

Top non-repeatable levels by time:
     D:1: 1298 daAuts
     D:2: 22 daAuts
